 Dungeon Crawl Stone Soup version 0.15.0-12-gccce430 (webtiles) character file.

217 Kex the Ruffian (level 5, -1/41 HPs)
             Began as a Draconian Transmuter on Sept 1, 2014.
             Slain by a centaur skeleton (2 damage)
             ... on Level 4 of the Dungeon.
             The game lasted 00:30:44 (3452 turns).

Kex the Ruffian (Draconian Transmuter)              Turns: 3452, Time: 00:30:44

HP  -1/41        AC  6     Str 12      XL: 5   Next: 62%
MP  11/11        EV 13     Int 15      God:
Gold 130         SH  0     Dex 11      Spells:  2 memorised,  7 levels left

rFire  + . .     SeeInvis .     l - +2 quarterstaff (chaos)
rCold  . . .     Clarity  .     (armour unavailable)
rNeg   . . .     rCorr    .     (no shield)
rPois  .         rRot     .     (helmet restricted)
rElec  .         Spirit   .     f - +0 cloak
SustAb .         Warding  .     (no gloves)
rMut   .         Stasis   .     (no boots)
Gourm  .                        (no amulet)
MR     .....                    i - ring of protection from fire
                                e - ring of stealth

@: not resistant to hostile enchantments, unstealthy
A: unfitting armour, cold-blooded, AC +5
a: no special abilities


You were on level 4 of the Dungeon.
You were not hungry.

You visited 1 branch of the dungeon, and saw 4 of its levels.

You collected 130 gold pieces.

Inventory:

Hand weapons
 l - a +2 quarterstaff of chaos (weapon)
Armour
 f - a +0 cloak (worn)
Comestibles
 a - a bread ration
 b - a chunk of goblin flesh
 g - 3 beef jerkies
Jewellery
 e - a ring of stealth (left hand)
 i - a ring of protection from fire (right hand)
 m - a +4 ring of evasion {unknown}
Potions
 k - a potion of might
 t - a potion of porridge
Books
 d - a book of Changes

   Spells                             Type                      Level
   *Beastly Appendage                 Transmutation                1
   *Sticks to Snakes                  Transmutation                2
   Spider Form                        Transmutation/Poison         3
   Ice Form                           Ice/Transmutation            4
   Blade Hands                        Transmutation                5


   Skills:
 + Level 2.0 Fighting
   Level 0.2 Short Blades
 + Level 0.2 Staves
 + Level 3.4 Dodging
 + Level 1.2 Stealth
 + Level 3.4 Unarmed Combat
 + Level 3.2 Spellcasting
 + Level 2.6 Transmutations


You had 7 spell levels left.
You knew the following spells:

 Your Spells              Type           Power        Failure   Level  Hunger
a - Beastly Appendage     Trmt           ##....       10%         1    #......
b - Sticks to Snakes      Trmt           ##........   12%         2    ##.....


Dungeon Overview and Level Annotations

Branches:
Dungeon (4/15)
 Temple: D:4-7

Altars:
Elyvilon
Trog
Zin


Innate Abilities, Weirdness & Mutations

Your plain brown scales are hard (AC +5).
Your body does not fit into most forms of armour.
Your cold-blooded metabolism reacts poorly to cold.


Message History

As you read the scroll of fog, it crumbles to dust.
The scroll dissolves into smoke.
The orc wizard casts a spell at you. The puff of frost hits you!
* * * LOW HITPOINT WARNING * * *
You see here a dagger.
The centaur skeleton closely misses you.
The orc wizard casts a spell.
You feel a wave of unholy energy pass over you.
The centaur skeleton closely misses you.
You hear the slow rusting of a distant drain.
The centaur skeleton hits you.
* * * LOW HITPOINT WARNING * * *
Found 20 arrows.
The centaur skeleton hits you!
* * * LOW HITPOINT WARNING * * *
Found a scroll of remove curse.
The orc wizard casts a spell.
You feel troubled. The centaur skeleton hits you.
You die...

#### ...
...####.#########
........@(?.....#
...
...######Z####..#
......? #.### .#
#....... #.o.#
.###.l.....
###o##.... ......
#..####.#..># #..o..
#......#...####.....
######o...###......≈
#.§§§...##. #...


You could see an orc wizard, an orc and a centaur skeleton.

Vanquished Creatures
  Crazy Yiuf (D:3)
  An orc wizard (D:4)
  An iguana (D:4)
  4 adders
  A shadow imp (D:3)
  2 worms (D:3)
  A giant gecko (D:1)
  2 oozes
  4 orcs
  A ball python (D:1)
  9 goblins
  7 hobgoblins
  7 kobolds
  A quokka (D:2)
  A bat (D:2)
  A giant cockroach (D:3)
  5 giant newts
  10 rats
59 creatures vanquished.

Vanquished Creatures (collateral kills)
  The ghost of zordkkahn the Sinner, a weakling GrHe of Elyvilon (D:3)
  An adder (D:2)
  2 worms (D:2)
  A bat (D:2)
  A rat (D:2)
6 creatures vanquished.

Grand Total: 65 creatures vanquished

Notes
Turn   | Place    | Note
--------------------------------------------------------------
     0 | D:1      | Kex, the Draconian Transmuter, began the quest for the Orb.
     0 | D:1      | Reached XP level 1. HP: 16/16 MP: 3/3
     6 | D:1      | Noticed a komodo dragon
     6 | D:1      | Noticed a giant leech
     6 | D:1      | Noticed a soldier ant
     6 | D:1      | Noticed a stone giant
   488 | D:1      | Reached XP level 2. HP: 18/23 MP: 2/4
   575 | D:1      | Learned a level 2 spell: Sticks to Snakes
  1102 | D:2      | Reached XP level 3. HP: 14/28 MP: 6/6
  1610 | D:2      | Noticed a moth of wrath
  1612 | D:2      | Found a bloodstained altar of Trog.
  1673 | D:2      | Reached XP level 4. HP: 23/35 MP: 6/8
  1838 | D:3      | Noticed zordkkahn's ghost (weakling GrHe)
  1896 | D:3      | Killed zordkkahn's ghost
  1896 | D:3      | Reached skill level 1 in Stealth
  2001 | D:3      | Noticed an ogre
  2631 | D:3      | Found a glowing silver altar of Zin.
  2631 | D:3      | Found a white marble altar of Elyvilon.
  2658 | D:3      | Noticed Crazy Yiuf
  2670 | D:3      | Killed Crazy Yiuf
  2670 | D:3      | Reached XP level 5. HP: 12/40 MP: 9/11
  2694 | D:3      | HP: 2/40 [poisoned by Crazy Yiuf]
  2702 | D:3      | HP: 1/40 [poisoned by Crazy Yiuf]
  3450 | D:4      | HP: 1/41 [centaur skeleton (7)]
  3452 | D:4      | Slain by a centaur skeleton

Action                   |  1- 3 |  4- 6 || total
-------------------------+-------+-------++-------
Melee: Club              |    27 |       ||    27
       Unarmed           |     5 |       ||     5
       Dagger            |   144 |    91 ||   235
       Spear             |       |    12 ||    12
       Quarterstaff      |       |    30 ||    30
 Cast: Beastly Appendage |    22 |    17 ||    39
       Sticks to Snakes  |     7 |     5 ||    12
  Use: Potion            |     6 |     4 ||    10
       Scroll            |     1 |     5 ||     6
 Stab: Sleeping          |     3 |       ||     3
  Eat: Chunk             |     3 |     7 ||    10
